 Dungeon Sprint DCSS version 0.16-a0-3841-g2612308 (console) character file.

2625 Monkaria the Severer (level 9, -6/139 HPs)
             Began as a Hill Orc Fighter on Jan 30, 2015.
             Was the Champion of Makhleb.
             Mangled by Utorph the pandemonium lord (28 damage)
             ... in the Dungeon (Sprint V: "Ziggurat Sprint").
             The game lasted 00:04:07 (374 turns).

Monkaria the Severer (Hill Orc Fighter)              Turns: 374, Time: 00:04:08

Health: -6/139     AC: 24    Str: 42    XL:     9   Next: 60%
Magic:  18/21      EV:  7    Int:  8    God:    Makhleb [******]
Gold:   0          SH:  0    Dex: 14    Spells: 0 memorised, 8 levels left

rFire  + . .     SeeInvis +     P - +14 obsidian axe {chop, +Fly Str+3 SInv Curse} (curse)
rCold  + . .     Clarity  .     L - +5 gold dragon armour
rNeg   . . .     SustAb   .     (no shield)
rPois  +         Gourm    .     (no helmet)
rElec  .         Spirit   .     (no cloak)
rCorr  .         Warding  .     (no gloves)
rMut   .         NoTele   +     p - +2 pair of boots of Minor Irritation {MR+ Dex+4}
MR     +....                    (no amulet)
Stlth  ..........               F - +6 ring of strength
                                E - +6 ring of strength

@: berserking, mesmerised, slowed, somewhat resistant to hostile enchantments,
extremely unstealthy
A: no striking features
a: Minor Destruction, Lesser Servant of Makhleb, Major Destruction, Greater
Servant of Makhleb, Renounce Religion, Evoke Flight


You were in the Dungeon.
You worshipped Makhleb.
Makhleb was exalted by your worship.
You were not hungry.

You visited 1 branch

Inventory:

Hand weapons
 M - a +5 executioner's axe
 O - the +15 heavy crossbow "Sniper" {velocity, SInv}
   (You found it in the Dungeon)

   Any bolt fired from it inflicts extra damage.
   It enhances your eyesight.
 P - the cursed +14 obsidian axe (weapon) {chop, +Fly Str+3 SInv Curse}
   (You found it in the Dungeon)

   It inflicts extra damage upon your enemies.
   It affects your strength (+3).
   It enhances your eyesight.
   It lets you fly.
   It may recurse itself when equipped.
   It has a curse placed upon it.
 R - the +7 Singing Sword
   (You found it in the Dungeon)
 S - the +0 Sword of Power
   (You found it in the Dungeon)
 T - the +14 plutonium sword {Contam Stlth-}
   (You found it in the Dungeon)

   It causes magical contamination when unequipped.
   It makes you less stealthy.
Missiles
 N - 1000 bolts
Armour
 p - the +2 pair of boots of Minor Irritation (worn) {MR+ Dex+4}
   (You found it in the Dungeon)

   It affects your dexterity (+4).
   It affects your resistance to hostile enchantments.
 L - a +5 gold dragon armour (worn)
 Q - the +18 shield of the gong {rElec rN+ MR+ EV-5}
   (You found it in the Dungeon)

   It affects your evasion (-5).
   It insulates you from electricity.
   It protects you from negative energy.
   It affects your resistance to hostile enchantments.
Jewellery
 y - a +6 ring of dexterity
 B - a +6 ring of dexterity
 E - a +6 ring of strength (left hand)
 F - a +6 ring of strength (right hand)
Magical devices
 H - a wand of disintegration (7)
 I - a wand of fire (5)
 J - a wand of cold (5)
 K - a wand of draining (5)
Scrolls
 a - a scroll of brand weapon
 k - 4 scrolls of blinking
 r - 4 scrolls of amnesia
 s - 3 scrolls of recharging
 t - 8 scrolls of fog
 u - a scroll of holy word
 v - 5 scrolls of identify
 w - 5 scrolls of remove curse
 x - 2 scrolls of fear
Potions
 e - 6 potions of might
 f - 10 potions of curing
 g - 6 potions of heal wounds
 h - 6 potions of haste
 i - 7 potions of magic
 j - 3 potions of berserk rage
 l - 2 potions of brilliance
 m - 2 potions of invisibility
 n - 2 potions of restore abilities
 o - 4 potions of resistance
 q - 5 potions of agility
Miscellaneous
 b - a stone of tremors
 c - a fan of gales
 C - a plain deck of defence
 D - a fan of gales
 G - a disc of storms
 U - a plain deck of changes
Comestibles
 d - 5 meat rations
 z - 42 fruits
 A - 4 bread rations


   Skills:
 - Level 13.6 Fighting
 - Level 19.3 Axes
 + Level 7.3 Armour
 - Level 3.2 Shields
 - Level 9.1 Invocations


You had 8 spell levels left.
You didn't know any spells.

Dungeon Overview and Level Annotations

Branches:
Dungeon (1/1)

Altars:
Ashenzari
Cheibriados
Dithmenos
Elyvilon
Fedhas
Gozag
Kikubaaqudgha
Makhleb
Nemelex Xobeh
Okawaru
Qazlal
Ru
Sif Muna
Trog
Vehumet
Xom
Yredelemnul
Zin
The Shining One
Beogh
Jiyva
Lugonu


Message History

The wraith is severely damaged.
Your ynoxinul disappears in a puff of smoke!
Your ufetubus disappears in a puff of smoke! x2
Utorph sneers, "Thy skull shall be my repast!"
Utorph hits your rust devil.
Your rust devil is healed somewhat.
The wraith hits you.
* * * LOW HITPOINT WARNING * * *
The wraith drains your vigour!
You feel yourself slow down.
* * * LOW HITPOINT WARNING * * *
The shadow wraith hits you but does no damage.
Your rust devil barely misses Utorph.
You slash Utorph!
Utorph is severely wounded.
You slash the wraith!
You destroy the wraith!
You slice the shadow wraith!!
The shadow wraith is almost destroyed.
Utorph hits you!!
You die...

▓........▓........▓
▓▓▓▓▓▓▓▓▓▓▓▓▓▓▓▓▓▓▓
...8©8...▓..8©8..▓
▓..=..=...▓..[3...▓
▓...=::...▓..)"...▓
▓.........▓...))).▓
▓.....4...▓...))..▓
▓....)4W..▓.......▓
▓.....@&W.▓.......▓
▓...§.....▓.▓...▓.▓
▓...§§.3..▓.......▓
▓▓▓▓▓▓▓▓▓▓▓▓▓▓▓▓▓▓▓
▓..8©8..▓ ▓..).|..▓
▓...3|..▓ ▓.......▓
▓..))...▓


You could see Utorph, a shadow wraith (invisible), a freezing wraith, a friendly
rust devil, a friendly sixfirhy and a friendly chaos spawn.

Vanquished Creatures
  A shadow wraith (D)
  A deep elf knight (D)
  A naga mage (D)
  A blue devil (D)
  2 wraiths (D)
  A golden eye (D)
  3 deep elf magi (D)
  A naga (D)
  A hungry ghost (D)
  A water moccasin (D)
  An orc warrior (D)
  Sigmund (D)
  Blork the orc (D)
  2 scorpions (D)
  2 jellies (D)
  Crazy Yiuf (D)
  4 orc priests (D)
  2 iron imps (D)
  3 orc wizards (D)
  Jessica (D)
  An adder (D)
  A giant mite (D)
  2 shadow imps (D)
  An ooze (D)
  2 ball pythons (D)
  A fungus (D)
39 creatures vanquished.

Vanquished Creatures (collateral kills)
  A chaos spawn (D)
1 creature vanquished.

Vanquished Creatures (others)
  An orange demon (D)
1 creature vanquished.

Grand Total: 41 creatures vanquished

Notes
Turn   | Place    | Note
--------------------------------------------------------------
     0 | D        | Monkaria, the Hill Orc Fighter, began the quest for the Orb.
     0 | D        | Reached XP level 1. HP: 19/19 MP: 1/1
     0 | D        | Found a corrupted altar of Lugonu.
     0 | D        | Found a basalt altar of Yredelemnul.
     0 | D        | Found an iron altar of Okawaru.
     0 | D        | Found a burning altar of Makhleb.
     0 | D        | Found a radiant altar of Vehumet.
     1 | D        | Found a viscous altar of Jiyva.
     1 | D        | Found a white marble altar of Elyvilon.
     3 | D        | Found a sparkling altar of Nemelex Xobeh.
     3 | D        | Found a deep blue altar of Sif Muna.
     7 | D        | Found a bloodstained altar of Trog.
    22 | D        | Found a shimmering altar of Xom.
    48 | D        | Became a worshipper of Makhleb the Destroyer
    52 | D        | Reached skill level 6 in Fighting
    52 | D        | Reached skill level 8 in Axes
    52 | D        | Reached XP level 2. HP: 23/30 MP: 2/2
   122 | D        | Entered arena 1.
   122 | D        | Noticed an orc priest
   122 | D        | Noticed an orc wizard
   132 | D        | Killed an orc priest
   132 | D        | Reached skill level 9 in Axes
   132 | D        | Reached XP level 3. HP: 33/38 MP: 3/3
   134 | D        | Killed an orc wizard
   134 | D        | Acquired Makhleb's first power
   134 | D        | Reached skill level 10 in Axes
   134 | D        | Reached XP level 4. HP: 40/47 MP: 4/4
   185 | D        | Entered arena 2.
   185 | D        | Noticed a scorpion
   185 | D        | Noticed a scorpion
   188 | D        | Killed a scorpion
   188 | D        | Reached skill level 11 in Axes
   190 | D        | Reached XP level 5. HP: 51/53 MP: 5/5
   192 | D        | Killed a scorpion
   192 | D        | Acquired Makhleb's second power
   192 | D        | Reached skill level 12 in Axes
   204 | D        | Entered arena 3.
   204 | D        | Noticed Sigmund
   204 | D        | Noticed Jessica
   204 | D        | Noticed Blork the orc
   204 | D        | Noticed Crazy Yiuf
   206 | D        | Killed Crazy Yiuf
   207 | D        | Killed Jessica
   210 | D        | Killed Sigmund
   210 | D        | Acquired Makhleb's third power
   210 | D        | Reached skill level 13 in Axes
   210 | D        | Reached XP level 6. HP: 63/66 MP: 6/6
   210 | D        | Killed Blork the orc
   210 | D        | Reached skill level 10 in Fighting
   210 | D        | Reached skill level 14 in Axes
   223 | D        | Entered arena 4.
   223 | D        | Noticed a golden eye
   223 | D        | Noticed a jelly
   223 | D        | Noticed a jelly
   226 | D        | Killed a golden eye
   226 | D        | Reached skill level 15 in Axes
   226 | D        | Reached XP level 7. HP: 72/74 MP: 7/7
   226 | D        | Killed a jelly
   226 | D        | Acquired Makhleb's fourth power
   228 | D        | Killed a jelly
   239 | D        | Entered arena 5.
   239 | D        | Noticed a deep elf mage
   239 | D        | Noticed a deep elf knight
   239 | D        | Noticed a deep elf mage
   239 | D        | Noticed a deep elf mage
   242 | D        | Killed a deep elf mage
   242 | D        | Reached skill level 16 in Axes
   243 | D        | Killed a deep elf mage
   243 | D        | Acquired Makhleb's fifth power
   243 | D        | Reached skill level 17 in Axes
   243 | D        | Reached XP level 8. HP: 80/83 MP: 8/8
   246 | D        | Killed a deep elf knight
   246 | D        | Reached skill level 18 in Axes
   252 | D        | Killed a deep elf mage
   263 | D        | Got the +2 pair of boots of Minor Irritation {MR+ Dex+4}
   279 | D        | Entered arena 6.
   279 | D        | Noticed an orc warrior
   279 | D        | Noticed an orc priest
   279 | D        | Noticed an orc priest
   279 | D        | Noticed an orc wizard
   279 | D        | Noticed an orc wizard
   279 | D        | Noticed an orc priest
   283 | D        | Killed an orc priest
   283 | D        | Reached skill level 19 in Axes
   285 | D        | Killed an orc priest
   285 | D        | Killed an orc wizard
   285 | D        | Reached XP level 9. HP: 67/93 MP: 9/9
   285 | D        | Killed an orc warrior
   286 | D        | Killed an orc priest
   286 | D        | Reached skill level 1 in Invocations
   286 | D        | Killed an orc wizard
   328 | D        | Entered arena 7.
   328 | D        | Noticed a naga mage
   328 | D        | Noticed a naga
   328 | D        | Noticed a water moccasin
   334 | D        | Killed a water moccasin
   334 | D        | Reached skill level 5 in Invocations
   337 | D        | Killed a naga
   337 | D        | Killed a naga mage
   352 | D        | Entered arena 8.
   352 | D        | Noticed an iron imp
   352 | D        | Noticed an iron imp
   352 | D        | Noticed a blue devil
   352 | D        | Noticed Utorph the pandemonium lord
   352 | D        | Noticed a chaos spawn
   359 | D        | Killed an iron imp
   359 | D        | Killed a chaos spawn
   359 | D        | Reached skill level 5 in Armour
   366 | D        | Noticed a freezing wraith
   366 | D        | Noticed a shadow wraith
   366 | D        | Noticed a shadow wraith
   366 | D        | Killed a blue devil
   368 | D        | Killed an iron imp
   372 | D        | Killed a shadow wraith
   374 | D        | Mangled by Utorph the pandemonium lord

Action                   |  1- 3 |  4- 6 |  7- 9 || total
-------------------------+-------+-------+-------++-------
Melee: War axe           |    10 |       |       ||    10
       Broad axe         |       |    10 |    40 ||    50
Invok: Greater Servant o |       |       |     2 ||     2
  Use: Potion            |     2 |       |     3 ||     5
